 Dungeon Crawl Stone Soup version 0.29.1-1-gd02db6906a (webtiles) character file.

Game seed: 941313902634495092

102 Leosenn the Trooper (level 4, -1/29 HPs)
             Began as a Gargoyle Berserker on Sept 26, 2022.
             Was a Follower of Trog.
             Slain by an orc
             ... wielding a +0 falchion
              (3 damage)
             ... on level 3 of the Dungeon.
             The game lasted 00:03:00 (2401 turns).

Leosenn the Trooper (Gargoyle Berserker)            Turns: 2401, Time: 00:03:01

Health: -1/29      AC:  8    Str: 29    XL:     4   Next: 78%
Magic:  4/4        EV: 11    Int:  7    God:    Trog [*.....]
Gold:   40         SH:  0    Dex:  9    Spells: 3/3 levels left

rFire   . . .      SeeInvis .   a - +0 mace
rCold   . . .      Faith    .   (no shield)
rNeg    + . .      Spirit   .   e - +0 leather armour
rPois   ∞          Reflect  .   (no helmet)
rElec   +          Harm     .   d - +0 cloak
rCorr   .          Rampage  .   (no gloves)
Will    .....                   (no boots)
Stlth   +.........              (no amulet)
HPRegen 0.09/turn               b - +6 ring of strength
MPRegen 0.09/turn               (no ring)

@: on berserk cooldown, slowed, very slow
A: sickness immunity, AC +3, negative energy resistance 1, electricity
resistance, torment resistance 1, petrification resistance
a: Renounce Religion, Berserk


You were on level 3 of the Dungeon.
You worshipped Trog.
Trog was aware of your devotion.
You visited 1 branch of the dungeon, and saw 3 of its levels.

You collected 40 gold pieces.

Inventory:

Hand Weapons
 a - a +0 mace (weapon)
Armour
 d - a +0 cloak (worn)
 e - a +0 leather armour (worn)
Jewellery
 b - a +6 ring of strength (left hand)
Scrolls
 c - 2 scrolls of amnesia {unknown}
 k - a scroll of identify {unknown}
 l - a scroll of teleportation {unknown}
 m - a scroll of magic mapping {unknown}
 n - a scroll of acquirement {unknown}
Potions
 f - 2 potions of might {unknown}
 g - a potion of curing {unknown}
 h - a potion of flight {unknown}
 i - a potion of invisibility {unknown}
 j - a potion of brilliance {unknown}
 o - a potion of ambrosia {unknown}


   Skills:
 * Level 4.3 Fighting
 * Level 3.8 Maces & Flails
 + Level 2.9 Armour
 + Level 2.2 Dodging


You had 3 spell levels left.
You didn't know any spells.
Your spell library was empty.

Dungeon Overview and Level Annotations

Branches:
Dungeon (3/15)

Altars:


Innate Abilities, Weirdness & Mutations

You are immune to sickness and miasma.
Your stone body is resilient. (AC +3)
You are immune to poison.
You resist negative energy. (rN+)
You are resistant to electric shocks. (rElec)
You are resistant to unholy torment.
You are immune to petrification.


Message History

The orc hits you with a +0 club.
* * * LOW HITPOINT WARNING * * *
The orc barely misses you.
You sock the orc!
You kill the orc!
Trog accepts your kill.
You hit the orc.
The orc is severely wounded.
The orc hits you but does no damage. The orc closely misses you.
You hit the orc but do no damage.
The orc is severely wounded.
The orc hits you but does no damage.
You sock the orc!
You kill the orc!
Trog accepts your kill. The orc hits you but does no damage.
The ball python bites you but does no damage.
The ball python grabs you. The ball python constricts you.
Unknown command.
You sock the ball python!
You kill the ball python!
Trog accepts your kill. The orc barely misses you. The orc closely misses you.
You see here a ball python corpse.
You feel a strong urge to attack something.
You are no longer berserk.
You are exhausted.
You feel yourself slow down. The orc hits you but does no damage.
Things that are here:
a +0 short sword; a +0 leather armour You barely miss the orc.
The orc misses you.
You closely miss the orc. The orc barely misses you.
The orc hits you with a +0 falchion.
* * * LOW HITPOINT WARNING * * *
You hit the orc but do no damage. The orc barely misses you. x2
You hit the orc.
The orc is heavily wounded.
The orc closely misses you. The orc hits you with a +0 falchion.
You die...

#. #..###.)..
#.#..#.##.........
......#.##..##..... .
............##.....
#.###....#.##..##.....
.................... #
....................
.#.#.###o...##.#...#.....
.......†@).....†.........
....<..)......(..........
##...####................
#... #.####....##.....
#.. #.# #....# ...## ..
... ..........# # ##.#
##.......... ... ........
... .#.#


You could see an orc.

Vanquished Creatures
  An orc priest (D:3)
  Terence (D:3)
  A dart slug (D:1)
  3 orcs (D:3)
  6 endoplasms
  2 giant cockroaches (D:1)
  6 goblins
  4 hobgoblins
  3 kobolds
  3 ball pythons
  6 bats
  A frilled lizard (D:1)
  2 rats (D:1)
39 creatures vanquished.

Notes
Turn   | Place    | Note
-------+----------+-------------------------------------------
     0 | D:1      | Leosenn the Gargoyle Berserker began the quest for the Orb.
     0 | D:1      | Reached XP level 1. HP: 14/14 MP: 1/1
   379 | D:1      | Reached XP level 2. HP: 9/19 MP: 2/2
   858 | D:1      | Reached XP level 3. HP: 20/24 MP: 3/3
  1323 | D:2      | Reached ** piety under Trog
  1845 | D:2      | Found a faded altar of an unknown god.
  2149 | D:3      | Noticed Terence
  2160 | D:3      | Killed Terence
  2161 | D:3      | Reached skill level 4 in Fighting
  2161 | D:3      | Reached XP level 4. HP: 18/29 MP: 4/4
  2401 | D:3      | Slain by an orc

Illustrated notes

Levels and vault maps discovered:
D:1:      lemuel_arrival_tunnels, layout_rooms, nicolae_figureground_sparkle
D:2:      layout_basic, hellmonk_ecumenical_altar_heavens_door
D:3:      layout_basic, portal_sewer_entry_a, uniq_terence

Skill      XL: |  1  2  3 |
---------------+----------+-----
Dodging        | 2 |  2.2
Fighting       | 4 |  4.3
Maces & Flails | |  3.8
Armour         | |  2.9

Action                   |  1- 3 |  4- 6 || total
-------------------------+-------+-------++-------
Melee: Mace              |   100 |    32 ||   132
Invok: Berserk           |     2 |     1 ||     3
Armor: Animal skin       |    34 |       ||    34
       Leather armour    |    44 |    17 ||    61
Dodge: Dodged            |   108 |    27 ||   135
